 Dungeon Crawl Stone Soup version 0.27.0-1-g7a089689b8 (webtiles) character file.

Game seed: 17752198999036840709

57 Thatpatchoflichen the Shooter (level 4, 0/28 HPs)
             Began as a Kobold Hunter on Aug 9, 2021.
             Succumbed to an adder's poison
             ... on level 2 of the Dungeon.
             The game lasted 00:09:30 (2167 turns).

Thatpatchoflichen the Shooter (Kobold Hunter)       Turns: 2167, Time: 00:09:31

Health: 0/28       AC:  4    Str:  9    XL:     4   Next: 18%
Magic:  4/4        EV: 15    Int: 12    God:
Gold:   53         SH:  0    Dex: 16    Spells: 3/3 levels left

rFire    . . .     SeeInvis .   b - +0 short sword
rCold    . . .     Faith    .   (shield restricted)
rNeg     . . .     Spirit   .   c - +0 leather armour
rPois    .         Reflect  .   (no helmet)
rElec    .         Harm     .   (no cloak)
rCorr    .         Rampage  .   (no gloves)
Will     .....                  k - +0 pair of boots
Stlth    +++.......             (no amulet)
HPRegen  0.09/turn              (no ring)
MPRegen  0.09/turn              (no ring)

@: lethally poisoned (0 -> -1)
A: small, no large weapons, nightstalker 3
a: no special abilities


You were on level 2 of the Dungeon.
You visited 1 branch of the dungeon, and saw 3 of its levels.

You collected 53 gold pieces.

Inventory:

Hand Weapons
 a - a +1 shortbow
 b - a +0 short sword (weapon)
Missiles
 d - 38 arrows
 h - 20 sling bullets
 j - 22 bolts
Armour
 c - a +0 leather armour (worn)
 k - a +0 pair of boots (worn)
Scrolls
 e - 2 scrolls of identify {unknown}
 f - a scroll of fog
 i - a scroll of teleportation {unknown}
Potions
 g - a potion of brilliance {unknown}


   Skills:
 + Level 3.0 Fighting
 + Level 0.0 Short Blades
 + Level 4.4 Bows
 + Level 3.2 Dodging
 + Level 2.7 Stealth


You had 3 spell levels left.
You didn't know any spells.
Your spell library contained the following spells:

 Spells                   Type           Power      Damage    Failure   Level
 Dazzling Flash           Conj/Hex       0%         N/A       80%         3
 Iskenderun's Mystic Bla  Conj/Tloc      0%         2d3       99%         4
 Starburst                Conj/Fire      0%         8x6d3     100%        6


Dungeon Overview and Level Annotations

Branches:
Dungeon (3/15)

Altars:

Shops:
D:1 ?

Annotations:
D:2 Sigmund


Innate Abilities, Weirdness & Mutations

You are small and have problems with some larger weapons.
You are completely attuned to the shadows.


Message History

The adder poisons you! The adder bites you but does no damage.
You barely miss the adder.
You feel sick. The adder bites you.
You are more poisoned.
The adder poisons you!
You feel sick.
You feel sick. The adder barely misses you.
You feel sick.
You feel sick.
You feel sick. The adder barely misses you.
You feel sick.
You feel sick.
You feel sick. The adder bites you.
You feel sick.
You are no longer poisoned.
The adder misses you.
There is a stone staircase leading down here.
As you read the scroll labelled HEZIFEA YNACKU, it crumbles to dust.
The scroll dissolves into smoke.
It was a scroll of fog.
The adder bites you but does no damage. The adder bites you but does no damage.
The adder misses you. The adder closely misses you. The adder bites you.
You are poisoned.
The adder poisons you!
* * * LOW HITPOINT WARNING * * *
You feel sick.
* * * LOW HITPOINT WARNING * * *
You feel sick.
* * * LOW HITPOINT WARNING * * *
You feel sick. The adder bites you.
* * * LOW HITPOINT WARNING * * *
You completely miss the adder.
* * * LOW HITPOINT WARNING * * *
You feel sick. The adder misses you.
You closely miss the adder.
* * * LOW HITPOINT WARNING * * *
You feel sick. The adder misses you.
You hit the adder.
The adder is lightly wounded.
You die...

#....# #.##.#
###### #.##.#
#....#
###....#####.##.###
.....†.§§§##.##.#.#
###.(..§#§##.##...#
#.....#§##....#.#
.##.....#§#####.#.#
........#......S@.#
........####....###
...##........####
...##..####.....#
........ #.###.#
##.# #.# # #.# #.#
..#


You could see an adder.

Vanquished Creatures
  An adder (D:2)
  3 dart slugs
  4 ball pythons
  6 endoplasms
  4 giant cockroaches
  2 goblins (D:1)
  6 hobgoblins
  3 kobolds
  2 quokkas (D:1)
  2 bats (D:1)
  A frilled lizard (D:1)
  2 rats (D:1)
36 creatures vanquished.

Notes
Turn   | Place    | Note
-------+----------+-------------------------------------------
     0 | D:1      | Thatpatchoflichen the Kobold Hunter began the quest for the
                  | Orb.
     0 | D:1      | Reached XP level 1. HP: 12/12 MP: 1/1
     2 | D:1      | Found Noclomu's Magic Scroll Shoppe.
   262 | D:1      | Reached XP level 2. HP: 18/18 MP: 2/2
   820 | D:1      | Reached XP level 3. HP: 22/22 MP: 3/3
  1602 | D:2      | Noticed Sigmund
  1761 | D:2      | Found a faded altar of an unknown god.
  1914 | D:2      | Reached XP level 4. HP: 27/27 MP: 4/4
  2166 | D:2      | HP: 1/28 [poisoned by an adder]
  2167 | D:2      | Succumbed to an adder's poison

Illustrated notes

Levels and vault maps discovered:
D:1:      dpeg_arrival_connections, layout_loops_corners, serial_shops, shop,
          minmay_split_cup_small
D:2:      layout_basic, hellmonk_ecumenical_altar_run_dry, uniq_sigmund
D:3:      layout_loops_ring, nicolae_gozag_cash_rules_everything_around_me,
          wad_woods_river_04

Skill      XL: |  1  2  3  4 |
---------------+-------------+-----
Stealth        | 2 |  2.7
Dodging        | 3 |  3.2
Fighting       | 3 |  3.0
Bows           | |  4.4

Action                   |  1- 3 |  4- 6 || total
-------------------------+-------+-------++-------
Melee: Short sword       |       |    15 ||    15
 Fire: Shortbow          |    74 |    17 ||    91
  Use: Scroll            |       |     1 ||     1
Armor: Leather armour    |    10 |     5 ||    15
Dodge: Dodged            |    46 |    21 ||    67
